 Dungeon Crawl Stone Soup version 0.19.0-22-gd96e5fe (webtiles) character file.

147 joejoepie the Firebug (level 5, 0/32 HPs)
             Began as a High Elf Fire Elementalist on Nov 19, 2016.
             Slain by a wyvern zombie (4 damage)
             ... on level 3 of the Dungeon.
             The game lasted 00:27:14 (3045 turns).

joejoepie the Firebug (High Elf Fire Elementalist)  Turns: 3045, Time: 00:27:15

Health: 0/32       AC:  3    Str:  8    XL:     5   Next: 7%
Magic:  4/11       EV: 12    Int: 19    God:
Gold:   85         SH:  0    Dex: 15    Spells: 4 memorised, 1 level left

rFire  . . .     SeeInvis .     f - +1 dagger
rCold  . . .     Gourm    .     q - +0 leather armour
rNeg   . . .     Faith    .     (no shield)
rPois  .         Spirit   .     (no helmet)
rElec  .         Reflect  .     (no cloak)
rCorr  .         Harm     .     (no gloves)
MR     .....     Rnd*Tele +     (no boots)
Stlth  +++.......               (no amulet)
                                (no ring)
                                o - ring of stealth

@: very slightly contaminated
A: regeneration 1, teleportitis 1, MP-powered wands
a: no special abilities


You were on level 3 of the Dungeon.
You were hungry.

You visited 1 branch of the dungeon, and saw 3 of its levels.

You collected 85 gold pieces.

Inventory:

Hand Weapons
 e - a +0 club
 f - a +1 dagger (weapon)
 p - a +0 halberd
Missiles
 h - 60 stones (quivered)
Armour
 a - a +0 robe
 q - a +0 leather armour (worn)
Jewellery
 n - a -3 ring of protection
 o - a ring of stealth (left hand)
 s - a +3 ring of strength {unknown}
Scrolls
 i - a scroll of remove curse
 l - 3 scrolls of identify
 r - a scroll of teleportation
Potions
 d - a potion of agility
 j - a potion of ambrosia {unknown}
Books
 b - a book of Flames

   Spells                             Type                      Level
   a - Flame Tongue                   Conjuration/Fire             1
   b - Throw Flame                    Conjuration/Fire             2
   c - Conjure Flame                  Conjuration/Fire             3
   d - Inner Flame                    Hexes/Fire                   3
   e - Sticky Flame                   Conjuration/Fire             4
   f - Fireball                       Conjuration/Fire             5
 k - a book of Maledictions

   Spells                             Type                      Level
   a - Corona                         Hexes                        1
   b - Ensorcelled Hibernation        Hexes/Ice                    2
   c - Confuse                        Hexes                        3
   d - Tukima's Dance                 Hexes                        3
   e - Dazzling Spray                 Conjuration/Hexes            3
Comestibles
 c - 3 bread rations
 m - 2 fruits


   Skills:
 + Level 0.6 Fighting
 + Level 2.8 Dodging
 + Level 2.8 Stealth
 + Level 3.4 Spellcasting
 + Level 2.5 Conjurations
 + Level 0.4 Hexes
 + Level 4.0 Fire Magic
 + Level 0.2 Ice Magic


You had one spell level left.
You knew the following spells:

 Your Spells              Type           Power        Failure   Level  Hunger
a - Flame Tongue          Conj/Fire      ###..        8%          1    None
b - Ensorcelled Hibernat  Hex/Ice        #.....       30%         2    ##.....
c - Conjure Flame         Conj/Fire      ###.....     17%         3    ###....
d - Inner Flame           Hex/Fire       ##......     28%         3    ###....


Dungeon Overview and Level Annotations

Branches:
Dungeon (3/15)

Altars:
Uskayaw

Annotations:
D:2 Sigmund


Innate Abilities, Weirdness & Mutations

Your natural rate of healing is unusually fast.
You are occasionally teleported next to monsters.
You expend magic power (3 MP) to strengthen your wands.


Message History

Confirm with . or Enter, or press ? or * to list all spells.
Aiming: Flame Tongue
Press: ? - help, Shift-Dir - straight line, f/p - wyvern zombie
Aim: a wyvern zombie (heavily damaged)
The flame tongue hits the wyvern zombie.
The wyvern zombie is severely damaged.
The wyvern zombie bites you!
* * * LOW HITPOINT WARNING * * *
The wyvern zombie closely misses you.
You feel better. The wyvern zombie bites you!
* * * LOW HITPOINT WARNING * * *
Casting: Flame Tongue
Confirm with . or Enter, or press ? or * to list all spells.
Aiming: Flame Tongue
Press: ? - help, Shift-Dir - straight line, f/p - wyvern zombie
Aim: a wyvern zombie (severely damaged)
You miscast Flame Tongue.
You are very lightly contaminated with residual magic.
Nothing appears to happen.
The wyvern zombie bites you.
You die...

......# #..........#
#....##.### ......#
#..........#
#....##.... ......#
#..........#
#..........
......###...#..##.##
#..........
............##.##.#
##.........
.........#####..#.#
#.........
.........# ##<#.#
##########
########## #...#
##@.# #.?.Z..#
#......# #......#
#......# .....>..
#######... ....


You could see a wyvern zombie.

Vanquished Creatures
  4 gnolls (D:3)
  5 adders
  2 oozes
  2 worms
  4 leopard geckos
  2 ball pythons (D:2)
  2 giant cockroaches
  5 goblins
  5 hobgoblins
  4 jackals (D:1)
  6 kobolds
  4 bats
  4 frilled lizards
  A rat (D:1)
50 creatures vanquished.

Notes
Turn   | Place    | Note
-------+----------+-------------------------------------------
     0 | D:1      | joejoepie the High Elf Fire Elementalist began the quest for the Orb.
     0 | D:1      | Reached XP level 1. HP: 11/11 MP: 4/4
   387 | D:1      | Reached XP level 2. HP: 17/17 MP: 4/6
   946 | D:1      | Gained mutation: Your natural rate of healing is unusually fast. [potion of mutation]
   946 | D:1      | Gained mutation: You are occasionally teleported next to monsters. [potion of mutation]
   946 | D:1      | Gained mutation: You expend magic power (3 MP) to strengthen your wands. [potion of mutation]
  1220 | D:2      | Learned a level 2 spell: Ensorcelled Hibernation
  1264 | D:2      | Reached XP level 3. HP: 21/21 MP: 6/8
  1693 | D:2      | Learned a level 3 spell: Conjure Flame
  1796 | D:2      | Noticed Sigmund
  1817 | D:2      | Reached XP level 4. HP: 27/27 MP: 6/9
  2359 | D:3      | Learned a level 3 spell: Inner Flame
  2697 | D:3      | Reached XP level 5. HP: 32/32 MP: 3/11
  2763 | D:3      | Found a hide-covered altar of Uskayaw.
  2865 | D:3      | Reached skill level 4 in Fire Magic
  3045 | D:3      | Slain by a wyvern zombie

Skill      XL: |  1  2  3  4  5 |
---------------+----------------+-----
Spellcasting   | 3 |  3.4
Conjurations   | 2 |  2.5
Fire Magic     | 4 |  4.0
Fighting       | |  0.6
Dodging        | |  2.8
Stealth        | |  2.8
Hexes          | |  0.4
Ice Magic      | |  0.2

Action                   |  1- 3 |  4- 6 || total
-------------------------+-------+-------++-------
Melee: Dagger            |     6 |    11 ||    17
 Cast: Flame Tongue      |    44 |    73 ||   117
       Conjure Flame     |       |     2 ||     2
       Ensorcelled Hiber |       |     2 ||     2
       Inner Flame       |       |     1 ||     1
  Use: Scroll            |     8 |     2 ||    10
       Potion            |     4 |     4 ||     8
  Eat: Chunk             |     3 |     3 ||     6
Armor: Robe              |     6 |    10 ||    16
       Leather armour    |       |     1 ||     1
Dodge: Dodged            |    37 |    35 ||    72
